Unix NetHack Version 5.0.0-0 post-release - last build Jun 10 2026 00:39:30 (3ee93aec679c4c4259841fe613dc97188e26a321,branch:main).

Game began 2026-06-17 21:05:32, ended 2026-06-18 13:25:15.

Ch3Begorrah, chaotic male human Rogue

                                                                         --
                                                       ..----         ---.--
                                                       -0|..---      --....|
                                                       |)..%..--     |.....|
                                                       |..---..|     |....--
                                                     | |.-- --.---   --..--
                                                     |.|.|   |...-------.|
                                                     |.#)|   ---.....--|.|
                                           ---       -.|%|..   -----..||.|
                                            .        . |....     ----.--.--
                                            .       .. |..--    --.-|..%..|
                                           -. o   ...  |..|     |...|.....|
                                     |     |.-    -|-  |..|     --.....>....
                             o       |.    |.|    .    |..--     |.........
                                     ...   |..   .o    |....     ---.|.--.
                                      ..o  |[|  |.   | |....       -----
                     | ------------- --.o---@---------o|*...
                     |...................%.Y).o...)..o.#.--
                     -----------#---------)--#----------.|
                              0....`%......%%).).........|
                              ---------------.------------
Ch3Begorrah the Rogue   St:25 Dx:16 Co:13 In:15 Wi:12 Ch:8  Chaotic
Dlvl:8  $:0  HP:0(69) Pw:39(39) AC:-2 Xp:9 T:10114 

Latest messages:
 The 1st poisoned crude arrow hits the orc-captain.
 The poison doesn't seem to affect the orc-captain.
 The 2nd poisoned crude arrow hits the orc-captain.
 The poison doesn't seem to affect the orc-captain.
 The orc-captain shoots 2 poisoned crude arrows!
 The 1st poisoned crude arrow misses the orc-captain.
 The 1st poisoned crude arrow misses you.
 The orc-captain misfires!
 You kill Grisuz of Uothog!
 The orc-captain shoots a poisoned crude arrow!
 The poisoned crude arrow misses the orc-captain.
 A poisoned crude arrow misses you.
 You have a little trouble lifting 3 +2 daggers.  Continue? [ynq] (q) q
 There are several objects here.
 What do you want to use or apply? [cdfhilnouvyzAEFJQSU-W or ?*] P
 Sorry, I don't know how to use that.
 What do you want to adjust? [a-zA-Z or ?*] f
 Adjust letter to what [f] (? see used letters)? P
 Swapping: P - a blessed bag containing 53 items.
 What do you want to use or apply? [cdhilnouvyzAEFJPQSU-W or ?*] P
 You put 71 gold pieces into the bag.
 You put 3 slime molds into the bag.
 You put a scroll labeled KERNOD WEL into the bag.
 You put a scroll labeled LEP GEX VEN ZEA into the bag.
 You put 2 scrolls labeled PRIRUTSENIE into the bag.
 You put a scroll labeled VE FORBRYDERNE into the bag.
 You put a scroll labeled ZELGO MER into the bag.
 You put an orange potion into the bag.
 The orc-captain picks up a poisoned crude arrow.
 The orc-captain picks up a knife.
 C - 3 +2 daggers (at the ready) (11 in total).
 In what direction? l
 You kill the orc-captain!
 The orc-captain shoots a poisoned crude arrow!
 A poisoned crude arrow misses you.
 The hill orc swings his curved sword.
 The hill orc hits!
 You kill the hill orc!
 The owlbear hits!
 The owlbear hits again!
 The owlbear grabs you!
 The orc-captain picks up a +2 dagger.
 What do you want to use or apply? [cdhilnouvyzAEFJPQSU-W or ?*] P
 What do you want to write with? [- aceghj-ln-pt-zA-CEJQT-W or ?*] Q
 You gesture, with your wand, towards the floor below you.
 The wand does nothing more, and the tip of the wand can't reach the floor.
 The owlbear hits!
 The owlbear hits again!
 You die...
 Do you want your possessions identified? [ynq] (y) q

Inventory:
 Amulets  ('"')
  q - an uncursed amulet of flying
  K - an uncursed amulet of reflection (being worn)
 Weapons  (')')
  C - 10 +2 daggers (at the ready)
  a - the +0 Sting (weapon in right hand, glimmering light blue)
  g - a +1 long sword
 Armor    ('[')
  m - an uncursed +0 elven leather helm (being worn)
  X - an uncursed rusty +0 pair of gauntlets of power (being worn)
  b - an uncursed -1 pair of jumping boots (being worn)
  r - a blessed +0 shield of reflection (being worn)
  H - an uncursed +0 cloak of magic resistance (being worn)
  L - a blessed +3 Hawaiian shirt with a giant eel motif (being worn)
  I - an uncursed +0 elven mithril-coat (being worn)
 Comestibles  ('%')
  R - an uncursed partly eaten carrot
  s - 2 uncursed lembas wafers
  Z - an uncursed lizard corpse
 Rings    ('=')
  T - an uncursed ring of levitation
  j - an uncursed +1 ring of protection
  k - an uncursed ring of see invisible
  t - an uncursed ring of shock resistance
  w - an uncursed ring of slow digestion
  p - an uncursed ring of teleport control
  B - an uncursed ring of warning
 Wands    ('/')
  u - a wand of cancellation (0:3)
  E - a wand of cold (0:5)
  v - a wand of digging (0:5)
  V - a wand of light (0:10)
  Q - a wand of locking (0:6)
  U - a wand of magic missile (0:8)
  z - a wand of magic missile (0:7)
  W - a wand of magic missile (0:1)
  c - a wand of make invisible (0:3)
  A - a wand of nothing (0:4)
  n - a wand of secret door detection (0:11)
  o - a wand of sleep (0:6)
  l - a wand of slow monster (0:8)
  h - a wand of slow monster (0:3)
  J - a wand of stasis (0:4)
  y - a wand of undead turning (0:4)
 Tools    ('(')
  P - a blessed bag of holding containing 59 items
  i - an empty uncursed sack
  F - an uncursed lock pick named A
  S - an uncursed magic lamp (lit)
  d - a +0 unicorn horn
 Gems/Stones  ('*')
  x - an uncursed jacinth stone
  e - an uncursed obsidian stone

Contents of the bag of holding:
  125 gold pieces
  an uncursed +0 pair of elven boots
  an uncursed +0 elven mithril-coat
  6 uncursed slime molds
  an uncursed clove of garlic
  an uncursed food ration
  2 cursed food rations
  a cursed orange
  an uncursed sprig of wolfsbane
  2 uncursed tins of spinach
  2 cursed lichen corpses
  a blessed scroll of taming named ok
  an uncursed scroll of genocide
  an uncursed scroll of punishment
  2 uncursed scrolls of destroy armor
  2 uncursed scrolls of confuse monster named ok
  an uncursed scroll of gold detection
  2 uncursed scrolls of magic mapping named ok
  a blessed scroll of fire
  an uncursed scroll of blank paper
  2 uncursed scrolls of earth
  a cursed scroll of create monster
  a cursed scroll of light
  4 uncursed scrolls of light
  2 uncursed scrolls of charging named cursed
  a blessed scroll of enchant armor
  5 uncursed scrolls of enchant weapon named ok
  a blessed scroll of remove curse named ok
  an uncursed spellbook of haste self
  2 uncursed potions of fruit juice named ok
  an uncursed potion of enlightenment named ok
  2 uncursed potions of gain energy named ok
  a cursed potion of acid
  a cursed potion of booze named Goldenb cheap
  an uncursed potion of booze
  3 potions of holy water named ok
  a potion of unholy water
  a cursed potion of blindness
  an uncursed potion of hallucination
  4 uncursed potions of healing
  an uncursed potion of levitation
  2 cursed potions of monster detection
  an uncursed potion of sickness
  an uncursed potion of sleeping
  a cursed potion of speed
  an uncursed ring of cold resistance
  a cursed ring of warning
  a wand of polymorph (0:6)
  a wand of polymorph (0:3)
  a cursed wand of create monster (0:11)
  a cursed wand of create monster (0:12)
  a blessed wand of light (0:14)
  a wand of secret door detection (0:15)
  a wand of wishing (0:0)
  an empty uncursed sack
  a cursed tallow candle
  a blessed wax candle
  a magic marker (0:2)
  a magic marker (0:0)

Ch3Begorrah the Rogue's attributes:

Background:
 You were a Rogue, level 9 male human.
 You were chaotic, nominally on a mission for Kos
 who was opposed by Issek (lawful) and Mog (neutral).
 You were right-handed.
 You were in the Gnomish Mines, on level 8.
 You entered the dungeon 10114 turns ago.
 You had 4599 experience points, 521 more were needed to attain level 10.

Basics:
 You had 0 out of 69 hit points.
 You had all 39 energy points (spell power).
 Your armor class was -2.
 Your wallet was empty, but
 you had 125 zorkmids stashed away in your pack.
 Autopickup was on for '$!/(' plus thrown, with exceptions.

Final Characteristics:
 Your strength was 25 (base:11, peak:14, innate limit:18/100).
 Your dexterity was 16 (limit:18).
 Your constitution was 13 (peak:16, limit:18).
 Your intelligence was 15 (limit:18).
 Your wisdom was 12 (limit:18).
 Your charisma was 8 (limit:18).

Final Status:
 You were held by an owlbear (southwest).
 You weren't hungry.
 You were unencumbered.
 You were wielding a dagger.
 You were skilled in dagger and could have enhanced that.

Final Attributes:
 You were piously aligned.
 You were magic-protected.
 You were fire resistant.
 You were shock resistant.
 You were poison resistant.
 You were aware of the presence of orcs.
 You were stealthy.
 You could jump.
 You were guarded.
 You were fast.
 You had reflection.
 You are dead.

Miscellaneous:
 You encountered 2 bones levels.
 Total elapsed playing time was 3 hours, 35 minutes and 31 seconds.

Major events:
 Turn
    1: Ch3Begorrah the chaotic male human Rogue entered the dungeon
  479: attained the rank of Cutpurse (level 3)
 1781: attained the rank of Rogue (level 6)
 2044: entered the Gnomish Mines
 5007: entered Sokoban
 5749: completed 2nd Sokoban level
 6074: completed 3rd Sokoban level
 6229: declined to make a wish
 7564: completed 4th Sokoban level
 7923: acquired the Sokoban amulet of reflection
 9701: found Sting carried by a monster
 9868: reached Mine Town
10114: killed by an owlbear

You didn't know any spells.

Skills:
 Fighting Skills
   bare handed combat [Unskilled]
   two weapon combat  [Unskilled]
   riding             [Unskilled]
 Weapon Skills
   dagger             [Skilled]
   knife              [Unskilled]
   short sword        [Basic]
   broadsword         [Unskilled]
   long sword         [Skilled]
   two-handed sword   [Unskilled]
   saber              [Unskilled]
   club               [Unskilled]
   mace               [Unskilled]
   morning star       [Unskilled]
   flail              [Unskilled]
   hammer             [Unskilled]
   polearms           [Unskilled]
   spear              [Unskilled]
   crossbow           [Unskilled]
   dart               [Unskilled]
   shuriken           [Unskilled]
 Spellcasting Skills
   divination spells  [Unskilled]
   escape spells      [Unskilled]
   matter spells      [Unskilled]

Voluntary challenges:
 Character rerolling was not enabled.
 You followed a strict vegan diet.
 You were an atheist.
 You never genocided any monsters.
 You never polymorphed an object.
 You never changed form.
 You used no wishes.
 You did not violate any of the special Sokoban rules.
Achievements:
 You attained the rank of Cutpurse.
 You entered a shop.
 You attained the rank of Rogue.
 You entered the Gnomish Mines.
 You entered Sokoban.
 You completed Sokoban.
 You entered Minetown.

 The Dungeons of Doom: levels 1 to 9
    Level 1:
       Some fountains.
    Level 2:
       A fountain, a grave.
    Level 3:
       A scroll shop.
    Level 4:
       Many fountains.
       Stairs down to The Gnomish Mines.
    Level 5:
       Many fountains.
       Oracle of Delphi.
    Level 6:
       A general store, an altar.
       Stairs up to Sokoban, level 5.
    Level 7:
       A fountain.
    Level 8:
       A fountain.
    Level 9:
       A fountain.
 The Gnomish Mines: levels 5 to 9
    Level 5:
       A grave.
       Final resting place for
          Felix1-Wiz-Gno-Mal-Neu, killed by a green mold.
    Level 6:
    Level 8: <- You were here.
       Final resting place for
          you, killed by an owlbear.
    Level 9:
       Final resting place for
          spody-Wiz-Gno-Mal-Neu, killed by a giant zombie, while moving through the air.
 Sokoban: levels 5 up to 2
    Level 2:
       Solved.
    Level 3:
       Solved.
    Level 4: "Black unicorn"
       Solved.
    Level 5:
       Unsolved.


Vanquished creatures:
  a ghost
  2 giant mimics
  a giant zombie
  a small mimic
  a quantum mechanic
  3 gelatinous cubes
  a large cat
  a dwarf ruler
  a tengu
  a human mummy
 an ettin zombie
  a giant beetle
  a cockatrice
  2 wolves
  a lynx
  a spotted jelly
  9 orc-captains
  a mumak
  2 vampire bats
  a forest centaur
  a gnome ruler
  2 dwarf mummies
  a rust monster
 an owlbear
  a yeti
  5 lizards
  a jaguar
  6 dwarf leaders
  a gray unicorn
  2 dust vortices
  a raven
  a gnome mummy
 an ape
  a Woodland-elf
  a soldier ant
  a water nymph
  a mountain nymph
  3 Uruk-hai
  3 orc shamans
  a rock piercer
  a rock mole
  a pony
 16 fog clouds
  a yellow light
  a shrieker
  3 violet fungi
  2 gnome leaders
  a gnomish wizard
  a golden naga hatchling
  2 gray oozes
  5 giant ants
  5 floating eyes
  7 dwarves
  2 homunculi
  2 kobold leaders
  4 kobold shamans
 11 hill orcs
  5 rothes
  2 rabid rats
  3 giant bats
  a monkey
  5 dwarf zombies
  a wererat
  4 iguanas
 12 killer bees
  2 acid blobs
  2 coyotes
  3 gas spores
  a hobbit
  a manes
  5 hobgoblins
  4 giant rats
  6 cave spiders
  2 yellow molds
  a green mold
  2 red molds
  8 gnomes
  7 garter snakes
  a gnome zombie
 10 geckos
  4 jackals
  3 foxes
  2 kobolds
  4 goblins
  8 sewer rats
  5 grid bugs
  3 bats
  3 lichens
  a kobold zombie
  9 newts
263 creatures vanquished.

No species were genocided or became extinct.

Game over:
                       ----------
                      /          \
                     /    REST    \
                    /      IN      \
                   /     PEACE      \
                  /                  \
                  |   Ch3Begorrah    |
                  |      125 Au      |
                  |   killed by an   |
                  |     owlbear      |
                  |                  |
                  |                  |
                  |       2026       |
                 *|     *  *  *      | *
        _________)/\\_//(\/(/\)/\//\/|_)_______

Goodbye Ch3Begorrah the Rogue...

You died in The Gnomish Mines on dungeon level 8 with 19059 points,
and 125 pieces of gold, after 10114 moves.
You were level 9 with a maximum of 69 hit points when you died.

